gel, chaotic male human Rogue --- . --.----- ..-------------- |...%.... ...........|.--.--- --.--..............-----........| ---[................ |....|...- --r................ --..---... |@[r--............ |.-- |.. --r.|--.......... .- ---- --..----.. |..| - --- gel the Rogue Experience level: 7 Strength: 17 Dexterity: 18 Constitution: 17 Intelligence: 9 Wisdom: 7 Charisma: 10 Health: 0(63) Energy: 20(20) Def: 11 Gold: 116 Moves: 4757 Dungeon seed: qp-y30ZbGrlqyQnH Game ID: gel_1528433030 Your Inventory: Coins $ - 116 gold pieces Weapons m - 3 +0 daggers p - a corroded +0 dwarvish short sword (weapon in hand) x - a +0 elven dagger B - a +0 sling O - 8 +0 daggers (in quiver) Armor r - an uncursed +1 dwarvish iron helm (being worn) y - an uncursed +0 pair of iron shoes (being worn) N - an uncursed +0 dwarvish mithril-coat (being worn) Comestibles h - an uncursed tin of spinach t - an uncursed apple P - an uncursed slime mold Q - an uncursed egg R - a cursed tin of coyote meat Scrolls u - 2 uncursed scrolls of identify D - an uncursed scroll of teleportation I - an uncursed scroll of earth Potions c - an uncursed potion of sickness o - a blessed potion of healing J - an uncursed potion of water Rings i - an uncursed +1 ring of gain strength A - a cursed ring of polymorph Tools d - an uncursed lock pick f - an uncursed sack g - an uncursed blindfold j - an uncursed leash k - a cursed oil lamp (0:0) C - a magic marker (0:42) G - 5 uncursed wax candles (0:400) K - 6 blessed tallow candles (0:200) L - 7 blessed partly used wax candles (lit) (0:219) S - 14 uncursed tallow candles (0:200) Gems e - an uncursed jacinth stone n - 9 uncursed rocks q - 3 uncursed worthless pieces of white glass z - an uncursed worthless piece of violet glass H - 2 uncursed worthless pieces of green glass T - an uncursed worthless piece of red glass Y - 2 uncursed worthless pieces of yellow glass Spells and supernatural/magical abilities: Name Level Category Fail Memory B - cure blindness 2 healing 100% 87% W - pray for help -- divine ? -- Your skills at the end: Fighting Skills Weapon Skills dagger [Skilled] short sword [Basic] Spellcasting Skills Final Attributes: You were piously aligned. You were telepathic. You were stealthy. You are dead. Vanquished creatures: 3 small mimics a giant beetle a giant spider a gnome king a dwarf lord a shrieker 6 gnome lords 3 gnomish wizards a red naga hatchling an elf zombie a little dog 2 floating eyes 9 dwarves a kobold lord a giant bat 2 orc zombies a wererat a werejackal 3 iguanas 2 acid blobs 2 coyotes 2 hobbits a large kobold a giant rat 4 cave spiders 28 gnomes 7 geckos 10 jackals a kobold 2 sewer rats 9 grid bugs 4 lichens 5 newts 118 creatures vanquished. Voluntary challenges: You used a wielded weapon 124 times, starting on turn 174. You read items or engraved 9 times, starting on turn 612. You never genocided any monsters. You never polymorphed an object. You never changed form. You used no wishes. You never split a pudding. You wrote Elbereth's name 3 times, starting on turn 4714. You never violated your personal moral code. Dungeon overview: The Dungeons of Doom: levels 1 to 3 Level 1 some altars to Issek, some fountains a long staircase Level 2 stairs to The Gnomish Mines Level 3 a fountain The Gnomish Mines: levels 3 to 9 Level 3 stairs to The Dungeons of Doom Level 4 Level 5 many shops, a temple to Issek, some fountains Level 6 Level 8 <- You were here Level 9 History has recorded: On T:1 you entered the Dungeons of Doom to retrieve the Amulet of Yendor! On T:416 you reached level 2 of The Dungeons of Doom. On T:417 you advanced to experience level 2. On T:714 you reached level 1 of The Gnomish Mines. On T:721 you advanced to experience level 3. On T:767 you advanced to experience level 4. On T:837 you reached level 3 of The Dungeons of Doom. On T:2066 you advanced to experience level 5. On T:3191 you reached level 2 of The Gnomish Mines. On T:3478 you advanced to experience level 6. On T:3588 you reached level 3 of The Gnomish Mines. On T:4261 you reached level 4 of The Gnomish Mines. On T:4293 you reached level 6 of The Gnomish Mines. On T:4423 you advanced to experience level 7. On T:4426 you reached level 7 of The Gnomish Mines. Score breakdown: Gold: 116 ( 7035 points) Experience: 7 levels (13645 points) Exploration: 9 levels ( 19.15%) (12510 points) Discoveries: 7 items ( 2.35%) ( 4597 points) Valuables value: (no points given unless you survive) Artifact value: 0 ( 0 points) Variety of kills: 33 monsters ( 8.66%) ( 8829 points) Turncount: 4757 turns (-1281 points) Survival: died (score multiplied by 80%) Total score: 36268 Latest messages: There are a few objects here. You hit the red naga hatchling! (2x) The red naga hatchling bites! You miss the red naga hatchling. The red naga hatchling misses. The wererat changes into a human. You hit the red naga hatchling. The red naga hatchling bites! The wererat picks up a hooded cloak. The wererat puts on a hooded cloak. You kill the red naga hatchling! The wererat summons help! The wererat hits! You hit the wererat! The sewer rat bites! The wererat changes into a rat. The wererat shrinks out of its cloak! The wererat hits! You hit the wererat! The sewer rat bites! The sewer rat misses. The wererat misses. You kill the wererat! The sewer rat misses. The sewer rat bites! You die... Final status: Goodbye gel the Rogue, killed by a sewer rat... You died in The Gnomish Mines on dungeon level 8 with 36268 points, and 116 pieces of gold, after 4757 moves. You were level 7 with a maximum of 63 hit points when you died.